 Dungeon Crawl Stone Soup version 0.24.1-14-gf8d2b509d9 (webtiles) character file.

Game seed: 6438681772057530072, levelgen mode: deterministic

1050 mortelune the Changer (level 8, -12/66 HPs)
             Began as a Naga Transmuter on May 23, 2020.
             Mangled by an ogre
             ... wielding a +0 giant club
              (27 damage)
             ... on level 7 of the Dungeon.
             The game lasted 00:11:13 (8699 turns).

mortelune the Changer (Naga Transmuter)             Turns: 8699, Time: 00:11:15

Health: -12/66     AC: 10    Str: 13    XL:     8   Next: 26%
Magic:  10/17      EV:  8    Int: 16    God:
Gold:   310        SH:  0    Dex: 11    Spells: 4/19 levels left

rFire    . . .     SeeInvis +     - Unarmed
rCold    . . .     Gourm    .   (shield currently unavailable)
rNeg     . . .     Faith    .   b - +0 robe
rPois    +         Spirit   .   (no helmet)
rElec    .         Reflect  .   (no cloak)
rCorr    .         Harm     .   (gloves currently unavailable)
MR       +....                  f - +3 naga barding
Stlth    +.........             (no amulet)
HPRegen  0.21/turn              (no ring)
MPRegen  0.15/turn              (no ring)

@: blade hands (expiring), very slightly contaminated, very slow
A: large, see invisible, deformed body, poison resistance, slowness 2, slow
metabolism 1, spit poison 1, AC +2
a: Spit Poison, End Transformation


You were on level 7 of the Dungeon.
You were near starving.
You had blades for hands.
You visited 1 branch of the dungeon, and saw 9 of its levels.
You also visited: Sewer.

You collected 310 gold pieces.

Inventory:

Missiles
 j - 29 arrows
 Q - 151 stones (quivered)
Armour
 b - a +0 robe (worn)
 f - a +3 naga barding (worn)
 k - a +0 buckler
Wands
 c - a wand of random effects (25)
 n - a wand of flame (13)
Scrolls
 e - 2 scrolls of fear
 g - 2 scrolls of amnesia
 h - 2 scrolls of remove curse
 i - a scroll of identify
 t - 2 scrolls of teleportation
Potions
 l - a potion of ambrosia
 m - a potion of brilliance
 q - a potion of curing
Comestibles
 d - 10 rations


   Skills:
 + Level 1.6 Fighting
 - Level 1.5 Dodging
 + Level 3.3 Unarmed Combat
 + Level 6.1 Spellcasting
 * Level 6.8 Transmutations


You had 4 spell levels left.
You knew the following spells:

 Your Spells              Type           Power        Failure   Level  Hunger
a - Beastly Appendage     Tmut           ####..       14%         1    None
b - Sticks to Snakes      Tmut           ####....     17%         2    #......
c - Spider Form           Tmut/Pois      ###.......   45%         3    ##.....
d - Blade Hands           Tmut           ####......   65%         5    ######.
e - Ice Form              Ice/Tmut       ###.....     75%         4    ####...

Your spell library contained the following spells:

 Spells                   Type           Power        Failure   Level  Hunger


Dungeon Overview and Level Annotations

Branches:
Dungeon (9/15)                Orc (0/2) D:9           Sewer (visited)
 Temple: D:4-7         Lair: D:8-11

Altars:
Gozag
Xom


Innate Abilities, Weirdness & Mutations

You cannot wear boots.
Your serpentine skin is tough. (AC +2)
You have supernaturally acute eyesight. (SInv)
Armour fits poorly on your strangely shaped body.
Your system is resistant to poisons. (rPois)
You cover ground very slowly.
You have a slow metabolism.
You can spit poison.


Message History

You can't go down here!
You climb upwards.
There is a stone staircase leading down here.
An ogre comes into view. It is wielding a +0 giant club.
Your transformation is almost over.
The ogre barely misses you.
The ogre hits you with a +0 giant club!!
You hit the ogre.
The ogre is lightly wounded.
You hit the ogre.
The ogre is moderately wounded.
The ogre hits you with a +0 giant club!!
* * * LOW HITPOINT WARNING * * *
A hungry ghost comes into view.
Casting: Blade Hands (very dangerous; 65% risk of failure)
Confirm with . or Enter, or press ? or * to list all spells.
You miscast Sticks to Snakes.
Multicoloured lights dance before your eyes!
The ogre hits you with a +0 giant club!!
You die...

#### #.... #....
#.....
#....W############
......O@.........#
.................#
.................#
.................#
.................####
##############......#
#.>....## #.......#
#.......#


You could see a hungry ghost and an ogre.

Vanquished Creatures
  An ice beast (D:6)
  An ogre (D:4)
  A crocodile (Sewer)
  A wyvern zombie (D:8)
  A scorpion (D:5)
  A crimson imp (D:4)
  A jelly (D:9)
  A gnoll shaman (D:5)
  3 hounds (D:6)
  2 iguanas
  Terence (D:2)
  A hound skeleton (D:4)
  9 gnolls
  10 adders
  An ooze (D:2)
  An adder skeleton (D:4)
  2 dart slugs
  6 worms
  6 leopard geckos
  6 orcs
  3 giant cockroaches
  3 goblins (D:2)
  5 hobgoblins
  7 kobolds
  A quokka (D:5)
  4 bats
  10 frilled lizards
  A jackal zombie (D:5)
  A leopard gecko skeleton (D:9)
  4 rats (D:2)
95 creatures vanquished.

Vanquished Creatures (collateral kills)
  A water moccasin (D:5)
  A necrophage (D:9)
  2 gnolls
  2 jackals (Sewer)
  2 kobolds (Sewer)
8 creatures vanquished.

Grand Total: 103 creatures vanquished

Notes
Turn   | Place    | Note
-------+----------+-------------------------------------------
     0 | D:1      | mortelune the Naga Transmuter began the quest for the Orb.
     0 | D:1      | Reached XP level 1. HP: 18/18 MP: 3/3
   551 | D:1      | Reached XP level 2. HP: 24/25 MP: 3/5
   555 | D:1      | Learned a level 2 spell: Sticks to Snakes
  1156 | D:2      | Reached XP level 3. HP: 10/31 MP: 5/7
  2033 | D:2      | Learned a level 3 spell: Spider Form
  2202 | D:2      | Reached XP level 4. HP: 37/38 MP: 6/8
  2333 | D:2      | Noticed Terence
  2349 | D:2      | Killed Terence
  2731 | D:2      | Found a faded altar of an unknown god.
  2977 | D:3      | Reached XP level 5. HP: 28/44 MP: 10/10
  2978 | D:3      | Found a glowing drain.
  2989 | Sewer    | Entered a sewer
  3314 | Sewer    | Noticed a crocodile
  3326 | Sewer    | Killed a crocodile
  4141 | D:3      | Found a shimmering altar of Xom.
  4526 | D:3      | Reached XP level 6. HP: 37/51 MP: 7/12
  5360 | D:4      | Reached skill level 5 in Transmutations
  5595 | D:4      | Found an opulent altar of Gozag.
  6143 | D:5      | Entered Level 5 of the Dungeon
  6188 | D:5      | Learned a level 5 spell: Blade Hands
  6239 | D:5      | Reached XP level 7. HP: 57/57 MP: 12/14
  6464 | D:5      | Learned a level 4 spell: Ice Form
  6585 | D:5      | Reached skill level 5 in Spellcasting
  8122 | D:6      | Reached XP level 8. HP: 64/64 MP: 13/16
  8227 | D:6      | HP: 1/64 [gnoll sergeant/+0 spear (12)]
  8242 | D:6      | You fall into a shaft and drop 3 floors!
  8699 | D:7      | Mangled by an ogre

Levels and vault maps discovered:
D:1:      dpeg_arrival_water_temple_mockup, layout_rooms
D:2:      layout_loops_corners, chequers_ecumenical_altar_grove, uniq_terence
D:3:      layout_loops_cross, overflow_temple_1_default, portal_sewer_entry_d,
          first_ration, minmay_lizard_king
D:4:      layout_basic, grunt_gozag_statues
D:5:      layout_basic, minmay_misc_feat_pillars
D:6:      wander_river, layout_basic, serial_shops, shop_statue
D:7:      layout_gridville, minmay_temple_entry_antechambers
D:8:      layout_rooms
D:9:      layout_basic, david_orc_2, basic_altar, uniq_erolcha

Skill      XL: |  1  2  3  4  5  6  7  8 |
---------------+-------------------------+-----
Transmutations | 3 4 5 6 |  6.8
Spellcasting   | 3 4 5 6 |  6.1
Fighting       | |  1.6
Dodging        | |  1.5
Unarmed Combat | |  3.3

Action                   |  1- 3 |  4- 6 |  7- 9 || total
-------------------------+-------+-------+-------++-------
Melee: Unarmed           |    93 |   190 |   135 ||   418
       Headbutt          |    12 |    11 |     9 ||    32
       Punch             |     1 |     1 |       ||     2
 Cast: Beastly Appendage |    17 |    14 |     8 ||    39
       Sticks to Snakes  |       |     6 |    13 ||    19
       Spider Form       |       |    19 |    10 ||    29
       Blade Hands       |       |       |     2 ||     2
       Ice Form          |       |       |     1 ||     1
Evoke: Wand              |       |       |     5 ||     5
  Use: Scroll            |       |    11 |     4 ||    15
       Potion            |       |       |     4 ||     4
 Stab: Distracted        |       |     1 |     1 ||     2
       Sleeping          |       |     1 |       ||     1
  Eat: Chunk             |     3 |     8 |     7 ||    18
       Ration            |       |     1 |       ||     1
Armor: Robe              |    16 |    36 |    47 ||    99
       Skin              |       |     2 |     2 ||     4
Dodge: Dodged            |    44 |   120 |    99 ||   263
